 Dungeon Crawl Stone Soup version 0.31-a0-152-g6aa68a64a1 (webtiles) character file.

Game seed: 7976861834240027117

72 qw the Shooter (level 4, -2/38 HPs)
             Began as a Minotaur Hunter on June 10, 2023.
             Succumbed to their own poison gas
             ... on level 2 of the Dungeon.
             The game lasted 00:00:34 (1086 turns).

qw the Shooter (Minotaur Hunter)                    Turns: 1086, Time: 00:00:35

Health: -2/38      AC:  6    Str: 15    XL:     4   Next: 7%
Magic:  3/3        EV: 11    Int:  6    God:
Gold:   69         SH:  0    Dex: 16    Spells: 3/3 levels left

rFire   . . .        Y - +0 shortbow (freeze)
rCold   + . .        (shield currently unavailable)
rNeg    . . .        h - +0 ring mail
rPois   .            (helmet restricted)
rElec   .            g - +0 cloak
rCorr   .            (no gloves)
SInv    .            (no boots)
Will    .....        (no amulet)
Stlth   +            e - ring of protection from cold
HPRegen 0.26/turn    (no ring)
MPRegen 0.08/turn

%: no passive effects
@: lethally poisoned (-2 -> -27)
A: horns 2, retaliatory headbutt
a: no special abilities


You were on level 2 of the Dungeon.
You visited 1 branch of the dungeon, and saw 2 of its levels.

You collected 69 gold pieces.


Innate Abilities, Weirdness & Mutations

You have a pair of horns on your head.
You reflexively headbutt those who attack you in melee.


   Skills:
 - Level 3.0 Fighting
 + Level 5.7 Ranged Weapons
 - Level 1.3 Armour
 - Level 2.1 Dodging
 - Level 0.7 Stealth


You had 3 spell levels left.
You didn't know any spells.
Your spell library was empty.

Inventory:

Hand Weapons
 Y - a +0 shortbow of freezing (weapon)
Armour
 g - a +0 cloak (worn)
 h - a +0 ring mail (worn)
Jewellery
 e - a ring of protection from cold (left hand)
Scrolls
 a - a scroll of poison
 c - a scroll of enchant armour {unknown}
 d - 2 scrolls of enchant weapon {unknown}
Potions
 b - a potion of might {unknown}

Dungeon Overview and Level Annotations

Branches:
Dungeon (2/15)

Altars:

Annotations:
D:2 Sigmund


Message History

Sigmund the Dreaded comes into view.
He is wielding a +3 vampiric scythe.
Sigmund shouts!
Enter note:
Enter note: You shoot an arrow.
The arrow hits Sigmund.
The arrow freezes Sigmund.
Sigmund is moderately wounded.
Sigmund laughs darkly.
You shoot an arrow. The arrow barely misses Sigmund.
You shoot an arrow. The arrow closely misses Sigmund.
You shoot an arrow. The arrow hits Sigmund.
The arrow freezes Sigmund.
Sigmund is heavily wounded.
Sigmund hits you from afar with a +3 vampiric scythe.
Sigmund draws strength from your wounds!
You shoot an arrow. The arrow closely misses Sigmund.
You shoot an arrow.
The arrow hits Sigmund but does no damage.
Sigmund is heavily wounded.
Sigmund hits you from afar with a +3 vampiric scythe!
Sigmund draws strength from your wounds!
You shoot an arrow. The arrow hits Sigmund.
The arrow freezes Sigmund.
Sigmund is moderately wounded.
Sigmund hits you from afar with a +3 vampiric scythe.
You shoot an arrow. The arrow barely misses Sigmund.
Sigmund gestures at you while chanting. The puff of flame hits you.
Enter note:
Enter note:
1084 ||| READING 2 scrolls labelled UTANWEVV XICWEMEWO.
The air fills with toxic fumes!
As you read the scroll labelled UTANWEVV XICWEMEWO, it crumbles to dust.
It was a scroll of poison.
Sigmund hits you from afar with a +3 vampiric scythe.
Enter note:
Enter note: Really walk into that cloud of poison gas?
You are engulfed in poison gas.
You are poisoned.
You feel very sick.
You are engulfed in poison gas.
You are more poisoned.
You die...

##########
.¤¤¤¤@¤.¤#
########¤####.###
#¤@¤......
#¤¤####### #
(#####¤¤¤...###.#
###
......¤¤¤¤......#
..
.##...¤¤¤¤¤......
##. #.#####¤¤¤#...
..#####.# #.....#
. #......###.#...#
+.....<#...#.....#


There were no monsters in sight!

Vanquished Creatures
  A gnoll (D:1)
  2 adders (D:2)
  2 dart slugs (D:2)
  6 bats (D:1)
  4 endoplasms
  2 giant cockroaches (D:2)
  2 goblins
  2 hobgoblins (D:1)
  4 jackals (D:1)
  8 ball pythons (D:1)
  2 frilled lizards (D:1)
  2 kobolds
  2 rats
39 creatures vanquished.

Notes
Turn   | Place    | Note
-------+----------+-------------------------------------------
     0 | D:1      | qw the Minotaur Hunter began the quest for the Orb.
     0 | D:1      | Reached XP level 1. HP: 18/18 MP: 0/0
     0 | D:1      | 0 ||| qw: Version: 0.2-a-122-gbc61b45
     0 | D:1      | 0 ||| qw: Game counter: 3599
     0 | D:1      | 0 ||| qw: Always use a shield: true
     0 | D:1      | 0 ||| qw: God list: Okawaru
     0 | D:1      | 0 ||| qw: Allow faded altars: false
     0 | D:1      | 0 ||| qw: Do Orc after D:15 true
     0 | D:1      | 0 ||| qw: Do second Lair branch before Depths: true
     0 | D:1      | 0 ||| qw: Lair rune preference: random
     0 | D:1      | 0 ||| qw: Plans: Normal
     0 | D:1      | 0 ||| PLANNING D:1-11
    53 | D:1      | 53 ||| READING scroll labelled MANE QAFIRE.
    66 | D:1      | 66 ||| FLEEEEING.
    67 | D:1      | 67 ||| FLEEEEING.
    68 | D:1      | HP: 2/18 [gnoll/+0 spear (5)]
    70 | D:1      | Reached skill level 5 in Ranged Weapons
    70 | D:1      | Reached XP level 2. HP: 3/25 MP: 1/1
   310 | D:1      | Reached skill level 3 in Fighting
   381 | D:1      | Reached XP level 3. HP: 31/31 MP: 2/2
   740 | D:1      | 740 ||| UPGRADING to +0 cloak.
   745 | D:1      | 745 ||| UPGRADING to +0 ring mail.
   755 | D:1      | 755 ||| DROPPING +0 leather armour.
   756 | D:1      | 756 ||| UPGRADING to ring of protection from cold.
   757 | D:1      | 757 ||| READING scroll labelled HESYXO DYNNIP.
   811 | D:1      | 811 ||| READING scroll labelled BENWENKIUPT.
   812 | D:1      | 812 ||| READING scroll labelled WAUSEL PEYH.
   816 | D:1      | 816 ||| DROPPING scroll of butterflies.
   836 | D:2      | Reached skill level 1 in Armour
  1069 | D:2      | Reached XP level 4. HP: 38/38 MP: 3/3
  1075 | D:2      | Noticed Sigmund
  1084 | D:2      | 1084 ||| READING 2 scrolls labelled UTANWEVV XICWEMEWO.
  1086 | D:2      | HP: 4/38 [cloud of poison gas (6)]
  1086 | D:2      | Succumbed to their own poison gas

Levels and vault maps discovered:
D:1:      dpeg_arrival_tiny_c, layout_basic, grunt_decor_junction,
          minmay_pentomino_t2
D:2:      layout_basic, serial_shops, nicolae_shop_statue_plus, uniq_sigmund

Skill      XL: |  1  2  3 |
---------------+----------+-----
Ranged Weapons | 5 |  5.7
Fighting       | 3 |  3.0
Armour         | 1 |  1.3
Dodging        | |  2.1
Stealth        | |  0.7

Action                     |  1- 3 |  4- 6 || total
---------------------------+-------+-------++-------
   Fire: Shortbow          |    90 |     8 ||    98
    Use: Scroll            |     4 |     1 ||     5
 Armour: Leather armour    |     2 |       ||     2
         Ring mail         |     4 |       ||     4
  Dodge: Dodged            |    13 |       ||    13

Table legend:
 A = Non-vault XP
 B = Vault XP
 C = Vault XP percentage of total XP
 D = Non-vault monster count
 E = Vault monster count
 F = Vault count percentage of total count
                 A         B        C        D         E       F
            +---------+---------+-------+---------+---------+-------
      Total |     102 |       2 |   1.9 |      38 |       1 |   2.6
            +---------+---------+-------+---------+---------+-------
        D:1 |      53 |       2 |   3.6 |      26 |       1 |   3.7
        D:2 |      49 |       0 |   0.0 |      12 |       0 |   0.0
            +---------+---------+-------+---------+---------+-------
